 Dungeon Crawl Stone Soup version 0.21.1-1-g345015f (webtiles) character file.

4591 sking99 the Basher (level 10, 0/93 HPs)
             Began as a Minotaur Fighter on July 1, 2018.
             Was a Priest of Zin.
             Slain by an unseen horror (4 damage)
             ... on level 8 of the Dungeon.
             The game lasted 00:22:00 (7361 turns).

sking99 the Basher (Minotaur Fighter)               Turns: 7361, Time: 00:22:01

Health: 0/93       AC: 14    Str: 27    XL:     10   Next: 18%
Magic:  12/13      EV:  6    Int:  7    God:    Zin [***...]
Gold:   449        SH: 10    Dex: 14    Spells: 9/9 levels left

rFire    + . .     SeeInvis .   d - +0 morningstar
rCold    . . .     Gourm    .   c - +0 shield
rNeg     . . .     Faith    .   R - +2 chain mail {rF+}
rPois    ∞         Spirit   .   (helmet restricted)
rElec    .         Reflect  .   (no cloak)
rCorr    .         Harm     .   E - +0 pair of gloves
MR       .....                  y - +1 pair of boots {run}
Stlth    ..........             (no amulet)
HPRegen  0.25/turn              P - +3 ring of strength
MPRegen  0.13/turn              (no ring)

@: lethally poisoned (0 -> 0), vitalised, quick
A: retaliatory headbutt, horns 2
a: Recite, Vitalisation, Imprison, Donate Gold, Renounce Religion


You were on level 8 of the Dungeon.
You worshipped Zin.
Zin was most pleased with you.
You were hungry.

You visited 2 branches of the dungeon, and saw 9 of its levels.
You also visited: Sewer and Ossuary.

You collected 498 gold pieces.
You donated 49 gold pieces to Zin.

Inventory:

Hand Weapons
 d - a +0 morningstar (weapon)
Missiles
 L - 2 throwing nets (quivered)
Armour
 c - a +0 shield (worn)
 y - a +1 pair of boots of running (worn)
 E - a +0 pair of gloves (worn)
 R - a +2 chain mail of fire resistance (worn)
Jewellery
 v - an uncursed ring of fire
 P - a +3 ring of strength (left hand)
Wands
 A - a wand of digging (15)
 B - a wand of flame (26)
 D - a wand of iceblast (9)
 F - a wand of paralysis (9)
 I - a wand of enslavement (6)
Scrolls
 h - 3 scrolls of enchant weapon
 k - 3 scrolls of blinking
 o - 5 scrolls of teleportation
 p - 3 scrolls of amnesia
 s - 3 scrolls of magic mapping
 H - a scroll of remove curse
 K - a scroll of fear
 M - a scroll of random uselessness {unknown}
 O - a scroll of identify
Potions
 g - 3 potions of curing
 i - a potion of degeneration {unknown}
 j - 4 potions of brilliance
 l - 5 potions of magic
 m - a potion of might
 n - 2 potions of agility
 r - 3 potions of heal wounds
 t - a potion of flight {unknown}
 u - 6 potions of haste
 x - 2 potions of resistance
 z - 2 potions of berserk rage {unknown}
 C - a potion of lignification {unknown}
 J - 2 potions of mutation {unknown}
 N - 2 potions of ambrosia
Books
 w - a book of Necromancy

   Spells                             Type                      Level
   a - Pain                           Necromancy                   1
   b - Animate Skeleton               Necromancy                   1
   c - Vampiric Draining              Necromancy                   3
   d - Regeneration                   Charms/Necromancy            3
   e - Animate Dead                   Necromancy                   4
   f - Borgnjor's Vile Clutch         Necromancy/Earth             5
   Zin disapproves of the use of such an item.
Comestibles
 f - 11 rations


   Skills:
 + Level 10.1 Fighting
 * Level 13.0 Maces & Flails
 - Level 3.8 Armour
 - Level 3.8 Shields
 + Level 5.7 Invocations


You had 9 spell levels left.
You didn't know any spells.

Dungeon Overview and Level Annotations

Branches:
Dungeon (8/15)             Temple (1/1) D:5
   Lair: D:8-11

Altars:
Ashenzari
Cheibriados
Dithmenos
Elyvilon
Gozag
Hepliaklqana
Kikubaaqudgha
Makhleb
Nemelex Xobeh
Okawaru
Qazlal
Ru
Sif Muna
Trog
Uskayaw
Vehumet
Wu Jian
Xom
Yredelemnul
Zin

Shops:
D:4 (   D:5 =


Innate Abilities, Weirdness & Mutations

You reflexively headbutt those who attack you in melee.
You have a pair of horns on your head.


Message History

The killer bee stings you but does no damage.
You miss the killer bee. You headbutt the killer bee!
The killer bee is severely wounded.
The killer bee stings you but does no damage. x2
Something hits you but does no damage.
You puncture the killer bee!
You kill the killer bee!
Something hits you but does no damage. You block something's attack.
Things that are here:
a club; a gnoll corpse Something hits you!
* * * LOW HITPOINT WARNING * * *
There is a stone staircase leading down, spattered with blood here.
There's no appreciative audience!
You block something's attack.
Items here: ( ) ††† a club; 8 stones; a killer bee corpse; a gnoll corpse; a killer bee corpse Something hits you.
You die...

...$#
..##.#
#.#.# ..#.#
...# ....#
#..###....
#..#....
###.##.####
#...).....#
#.#>).)...#
# ##.@....#
###.####
#.# #.# #.#
#.# #.# #.#
#.# ######


There were no monsters in sight!

Vanquished Creatures
  The ghost of sipior the Magician, a novice DESu (D:7)
  Prince Ribbit (D:6)
  2 hippogriffs
  An ice beast (D:7)
  A phantom (D:6)
  3 sky beasts
  4 ogres
  2 centaurs
  7 bullfrogs
  A wyvern skeleton (D:6)
  A scorpion (D:6)
  15 killer bees
  3 howler monkeys
  4 bullfrog zombies
  2 crimson imps
  2 jellies
  3 centaur zombies (Ossuary)
  A hound (D:6)
  A bullfrog skeleton (D:6)
  An orc priest (D:4)
  7 orc wizards
  Natasha (thrice) (D:3)
  4 iguanas
  5 worker ants
  2 big kobold zombies (Ossuary)
  5 mummies (Ossuary)
  2 worker ant zombies
  3 gnolls (D:8)
  A howler monkey zombie (D:4)
  6 river rats (Sewer)
  15 adders
  5 oozes
  An adder skeleton (D:5)
  A worm (D:3)
  2 dart slugs
  3 leopard geckos
  11 orcs
  5 giant cockroaches
  6 hobgoblins
  10 jackals
  4 quokkas
  12 ball pythons
  9 bats
  10 frilled lizards
  7 goblins
  2 hobgoblin zombies (Ossuary)
  A jackal skeleton (D:5)
  A jackal zombie (D:5)
  7 kobolds
  3 quokka skeletons
  A quokka zombie (D:6)
  37 rats
247 creatures vanquished.

Notes
Turn   | Place    | Note
-------+----------+-------------------------------------------
     0 | D:1      | sking99 the Minotaur Fighter began the quest for the Orb.
     0 | D:1      | Reached XP level 1. HP: 19/19 MP: 0/0
   179 | D:1      | Reached XP level 2. HP: 27/27 MP: 1/1
   399 | D:1      | Reached skill level 3 in Maces & Flails
   636 | D:1      | Reached XP level 3. HP: 32/33 MP: 2/2
  1105 | D:2      | Reached skill level 4 in Maces & Flails
  1431 | D:3      | Noticed Natasha
  1440 | D:3      | Reached XP level 4. HP: 34/41 MP: 3/3
  1447 | D:3      | Killed Natasha
  1447 | D:3      | Noticed Natasha
  1455 | D:3      | Killed Natasha
  1455 | D:3      | Reached skill level 5 in Maces & Flails
  1455 | D:3      | Reached XP level 5. HP: 21/47 MP: 4/4
  1459 | D:3      | Noticed Natasha
  1462 | D:3      | Killed Natasha
  1462 | D:3      | Reached skill level 5 in Fighting
  1562 | D:3      | Found a glowing drain.
  1566 | Sewer    | Entered a sewer
  2106 | Sewer    | Reached skill level 6 in Maces & Flails
  2119 | Sewer    | Reached XP level 6. HP: 37/56 MP: 5/5
  2327 | Sewer    | HP: 2/57 [bullfrog (6)]
  2339 | Sewer    | Reached skill level 7 in Maces & Flails
  2665 | D:3      | Reached XP level 7. HP: 62/63 MP: 6/6
  3109 | D:4      | Found Adoxoipu's Antique Weapon Shop.
  3184 | D:4      | Reached skill level 8 in Maces & Flails
  3297 | D:4      | Found an iron altar of Okawaru.
  3298 | D:4      | Found a glowing silver altar of Zin.
  3479 | D:5      | Entered Level 5 of the Dungeon
  3587 | D:5      | Reached skill level 9 in Maces & Flails
  3734 | D:5      | Found Inkoig's Jewellery Boutique.
  3787 | D:5      | Found a staircase to the Ecumenical Temple.
  3793 | Temple   | Entered the Ecumenical Temple
  3996 | D:4      | Found a basalt altar of Yredelemnul.
  3997 | D:4      | Became a worshipper of Zin the Law-Giver
  3997 | D:4      | Reached * piety under Zin
  4089 | D:5      | Reached XP level 8. HP: 69/73 MP: 7/7
  4177 | D:5      | Reached ** piety under Zin
  4198 | D:5      | Reached skill level 1 in Invocations
  4441 | D:5      | Noticed a hippogriff
  4446 | D:5      | Killed a hippogriff
  4705 | D:5      | Found a hazy altar of Hepliaklqana.
  4760 | D:6      | Reached skill level 10 in Maces & Flails
  5355 | D:6      | Reached XP level 9. HP: 76/82 MP: 10/10
  5402 | D:6      | Reached skill level 11 in Maces & Flails
  5568 | D:6      | Noticed Prince Ribbit
  5586 | D:6      | Killed Prince Ribbit
  5862 | D:7      | Found a sand-covered staircase.
  5952 | Ossuary  | Entered an ossuary
  6051 | Ossuary  | Reached *** piety under Zin
  6246 | D:7      | Noticed sipior's ghost (novice DESu)
  6289 | D:7      | Killed sipior's ghost
  6289 | D:7      | Reached skill level 12 in Maces & Flails
  6293 | D:7      | Reached skill level 5 in Invocations
  6414 | D:7      | Identified a +1 pair of boots of running (You found it on level 6 of the Dungeon)
  6784 | D:7      | Reached XP level 10. HP: 89/93 MP: 11/13
  6952 | D:8      | Reached skill level 10 in Fighting
  7345 | D:8      | Reached skill level 13 in Maces & Flails
  7359 | D:8      | HP: 3/93 [something (8)]
  7361 | D:8      | Slain by an unseen horror

Skill      XL: |  1  2  3  4  5  6  7  8  9 10 |
---------------+-------------------------------+-----
Fighting       | 4 5 6 7 8 9 10 | 10.1
Maces & Flails | 3 4 5 6 7 9 10 12 13 | 13.0
Invocations    | 3 5 |  5.7
Armour         | |  3.8
Shields        | |  3.8

Action                   |  1- 3 |  4- 6 |  7- 9 | 10-12 || total
-------------------------+-------+-------+-------+-------++-------
Melee: Flail             |   121 |   212 |   232 |       ||   565
       Headbutt          |    16 |    28 |    92 |    13 ||   149
       Morningstar       |       |       |   157 |    70 ||   227
Invok: Recite            |       |       |    14 |       ||    14
       Vitalisation      |       |       |       |     1 ||     1
  Use: Scroll            |     9 |       |     9 |       ||    18
       Potion            |     1 |     4 |     1 |     2 ||     8
  Eat: Chunk             |     2 |     4 |    14 |     1 ||    21
Armor: Scale mail        |    44 |       |       |       ||    44
       Chain mail        |    41 |   257 |   209 |    78 ||   585
Dodge: Dodged            |    43 |    86 |    66 |    30 ||   225
Block: Shield            |    76 |   177 |   155 |    42 ||   450
